 Dungeon Crawl Stone Soup version 0.32-a0-607-g64ea0e4219 (webtiles) character file.

Game seed: 3863887639571403993

11043 CougarLife the Geomancer (level 11, -6/54 HPs)
             Began as a Gargoyle Earth Elementalist on Mar 4, 2024.
             Was an Elder of Vehumet.
             Mangled by a boulder beetle (16 damage)
             ... on level 10 of the Dungeon.
             The game lasted 00:18:07 (11028 turns).

CougarLife the Geomancer (GrEE)                    Turns: 11028, Time: 00:18:07

Health: -6/54      AC: 12    Str: 12    XL:     11   Next: 71%
Magic:  19/25      EV: 11    Int: 20    God:    Vehumet [****..]
Gold:   453        SH:  0    Dex: 10    Spells: 16/30 levels left

rFire   . . .        d - staff of earth
rCold   . . .        (no shield)
rNeg    + . .        a - +0 robe
rPois   ∞            G - +0 helmet
rElec   +            t - +0 cloak
rCorr   .            (no gloves)
SInv    .            (no boots)
Will    +....        j - amulet of the acrobat
Stlth   ++           g - +4 ring of slaying
HPRegen 0.29/turn    C - ring of willpower
MPRegen 0.19/turn

%: acrobat
@: no status effects
A: sickness immunity, AC +8, negative energy resistance 1, electricity
resistance, torment resistance 1, petrification resistance
a: Renounce Religion


You were on level 10 of the Dungeon.
You worshipped Vehumet.
Vehumet was greatly pleased with you.
You visited 2 branches of the dungeon, and saw 12 of its levels.

You collected 713 gold pieces.
You spent 260 gold pieces at shops.

Inventory:

Hand Weapons
 e - a +0 dagger
Missiles
 q - 3 throwing nets
Armour
 a - a +0 robe (worn)
 t - a +0 cloak (worn)
 G - a +0 helmet (worn)
Magical Staves
 d - a staff of earth (weapon)
Jewellery
 g - a +4 ring of slaying (left hand)
 j - an amulet of the acrobat (around neck)
 C - a ring of willpower (right hand)
 M - a ring of fire
Wands
 p - a wand of flame (34)
 u - a wand of paralysis (26)
 J - a wand of digging (6)
 N - a wand of polymorph (5)
 O - a wand of mindburst (8)
Scrolls
 b - a scroll of blinking {unknown}
 c - 2 scrolls of brand weapon {unknown}
 f - 3 scrolls of identify {unknown}
 h - a scroll of fog {unknown}
 k - 2 scrolls of teleportation
 o - a scroll of poison {unknown}
 s - a scroll of immolation
 v - a scroll of torment {unknown}
 x - 2 scrolls of vulnerability {unknown}
 y - 3 scrolls of revelation {unknown}
 z - 3 scrolls of enchant armour {unknown}
 D - a scroll of silence {unknown}
 E - 3 scrolls of amnesia {unknown}
 F - a scroll of noise {unknown}
 I - a scroll of enchant weapon {unknown}
 P - a scroll of fear {unknown}
Potions
 i - a potion of mutation {unknown}
 l - 7 potions of ambrosia
 m - 2 potions of lignification {unknown}
 n - 2 potions of degeneration {unknown}
 r - 2 potions of cancellation {unknown}
 w - a potion of might {unknown}
 A - 4 potions of haste {unknown}
 B - a potion of curing {unknown}
 H - 2 potions of attraction {unknown}
 K - a potion of berserk rage {unknown}
 L - a potion of magic


   Skills:
 - Level 1.5 Dodging
 - Level 2.1 Stealth
 + Level 10.1 Spellcasting
 + Level 11.5 Conjurations
 + Level 12.9 Earth Magic


You had 16 spell levels left.
You knew the following spells:

 Your Spells              Type           Power      Damage    Failure   Level
a - Sandblast             Erth           100%       2d20      1%          1
b - Stone Arrow           Conj/Erth      100%       3d13      1%          3
c - Lee's Rapid Deconstr  Erth           37%        3d19*     1%          5
d - Freezing Cloud        Conj/Ice/Air   12%        6-21      11%         5

Your spell library contained the following spells:

 Spells                   Type           Power      Damage    Failure   Level
 Olgreb's Toxic Radiance  Alch           10%        N/A       17%         4
 Freeze                   Ice            40%        1d6       1%          1
 Kiss of Death            Conj/Necr      100%       2d13      1%          1
 Magic Dart               Conj           100%       1d8       1%          1
 Momentum Strike          Conj/Tloc      66%        3d9       1%          2
 Searing Ray              Conj           100%       2d8       1%          2
 Hailstorm                Conj/Ice       33%        3d8       1%          3
 Mephitic Cloud           Conj/Alch/Air  25%        N/A       1%          3
 Passwall                 Erth           75%        N/A       1%          3
 Brom's Barrelling Bould  Conj/Erth      73%        2d9       1%          4
 Fulminant Prism          Conj/Alch      16%        3d10      1%          4
 Mercury Vapours          Alch/Air       20%        N/A       3%          2
 Animate Armour           Summ/Erth      100%       N/A       4%          4
 Petrify                  Alch/Erth      52%        N/A       4%          4
 Frozen Ramparts          Ice            20%        1d4       5%          3
 Apportation              Tloc           20%        N/A       7%          1
 Slow                     Hex            40%        N/A       7%          1
 Summon Small Mammal      Summ           40%        N/A       7%          1
 Blink                    Tloc           20%        N/A       11%         2
 Ensorcelled Hibernation  Hex/Ice        20%        N/A       11%         2
 Jinxbite                 Hex            20%        N/A       11%         2
 Lesser Beckoning         Tloc           20%        N/A       11%         2
 Orb of Destruction       Conj           27%        9d9       13%         7
 Call Canine Familiar     Summ           10%        N/A       21%         3
 Confusing Touch          Hex            10%        N/A       21%         3
 Fugue of the Fallen      Necr           10%        N/A       21%         3
 Gell's Gravitas          Tloc           10%        N/A       21%         3
 Ozocubu's Armour         Ice            10%        N/A       21%         3
 Sigil of Binding         Hex            10%        N/A       21%         3
 Teleport Other           Tloc           10%        N/A       21%         3
 Vampiric Draining        Necr           10%        2d6       21%         3
 Anguish                  Hex/Necr       5%         N/A       56%         4
 Dispel Undead            Necr           10%        3d9       56%         4
 Manifold Assault         Tloc           10%        N/A       56%         4
 Summon Blazeheart Golem  Fire/Summ      10%        N/A       56%         4
 Summon Lightning Spire   Summ/Air       10%        N/A       56%         4
 Spellforged Servitor     Conj/Summ      16%        N/A       77%         7
 Alistair's Intoxication  Alch           6%         N/A       88%         5


Dungeon Overview and Level Annotations

Branches:
Dungeon (11/15)            Temple (1/1) D:4            Lair (0/5) D:8
    Orc: D:9-12

Altars:
Ashenzari
Cheibriados
Dithmenos
Elyvilon
Fedhas
Gozag
Hepliaklqana
Kikubaaqudgha
Makhleb
Nemelex Xobeh
Okawaru
Qazlal
Ru
Sif Muna
Trog
Uskayaw
Vehumet
Wu Jian
Xom
Yredelemnul
Zin
The Shining One

Shops:
D:1 =   D:4 :!   D:5 =   D:7 =

Annotations:
D:6 3 runed translucent doors, Scrimshaw's ghost, novice CoHs


Innate Abilities, Weirdness & Mutations

You are immune to sickness and miasma.
Your stone body is resilient. (AC +8)
You are immune to poison.
You resist negative energy. (rN+)
You are resistant to electric shocks. (rElec)
You are resistant to unholy torment.
You are immune to petrification.


Message History

You climb upwards.
There is a stone staircase leading down here.
Things that are here:
a +0 plate armour; a +0 trident; an orc skeleton You start resting.
Magic restored.
You climb downwards.
The boulder beetle bites you!
There is a stone staircase leading up here.
The boulder beetle bites you!
* * * LOW HITPOINT WARNING * * *
You climb upwards.
There is a stone staircase leading down here.
Things that are here:
a +0 plate armour; a +0 trident; an orc skeleton The boulder beetle barely misses you.
Casting: Freezing Cloud (quite dangerous; 11% risk of failure)
Confirm with . or Enter, or press ? or * to list all spells.
Aiming: Sandblast (safe; 1% risk of failure)
Press: ? - help, Shift-Dir - straight line, f - boulder beetle
Aim: a boulder beetle (100% to hit)
Okay, then.
Casting: Sandblast (safe; 1% risk of failure)
Confirm with . or Enter, or press ? or * to list all spells.
Aiming: Stone Arrow (safe; 1% risk of failure)
Press: ? - help, Shift-Dir - straight line, f - boulder beetle
Aim: a boulder beetle (100% to hit)
You feel a surge of power!
The stone arrow hits the boulder beetle!
The boulder beetle is lightly wounded.
The boulder beetle bites you but does no damage.
Casting: Stone Arrow (safe; 1% risk of failure)
Confirm with . or Enter, or press ? or * to list all spells.
Aiming: Stone Arrow (safe; 1% risk of failure)
Press: ? - help, Shift-Dir - straight line, f/p - boulder beetle
Aim: a boulder beetle (lightly wounded, 100% to hit)
You feel a surge of power!
The stone arrow hits the boulder beetle!
The boulder beetle is moderately wounded.
The boulder beetle bites you!
You die...

#.........# #..........#
#.........# #..........#
#.........# #..........#
#.........## ##..........#
#..........# #............
#..........####............
#.............)............
#|........B...[#.(.........
######....#@>...............
#...........)[[..###########
#.#####.....[...........#.†.
####.#####.......[.........#†.†
#..........................#...
#..........................#..†
#...................###....†...
#.............[.....#_#....####
#.............#.#####.##.......


You could see a boulder beetle.

Vanquished Creatures
  A centaur warrior (D:8)
  2 two-headed ogres
  The ghost of cforsyth the Basher, a novice MDNe (D:8)
  An ugly thing (D:8)
  A centaur zombie (D:8)
  An unseen horror (D:10)
  A centaur skeleton (D:8)
  Jeremiah (D:6)
  2 trolls
  A queen bee (D:10)
  A hellwing (D:9)
  A hornet (D:9)
  A ynoxinul (D:8)
  3 wyverns
  2 steam dragons (D:8)
  Edmund (D:6)
  An acid dragon (D:10)
  5 water moccasins
  2 ice beasts (D:8)
  2 sky beasts
  6 orc warriors
  3 black bears
  A hornet zombie (D:8)
  An ogre (D:4)
  3 wolves (D:8)
  A centaur (D:10)
  2 kobold brigands
  3 bullfrogs
  A scorpion (D:6)
  24 killer bees (D:10)
  3 electric eels (D:8)
  3 bombardier beetles
  6 hounds
  Crazy Yiuf (D:2)
  9 orc priests
  A gnoll bouda (D:9)
  2 iguanas
  2 sleepcaps
  14 orc wizards
  9 gnolls
  5 adders
  7 shadow imps
  7 white imps
  11 ufetubi
  2 ribbon worms
  A dart slug (D:2)
  37 orcs
  9 ball pythons
  3 endoplasms
  5 giant cockroaches
  7 hobgoblins
  8 jackals
  14 kobolds
  4 quokkas
  3 bats
  5 frilled lizards
  7 goblins
  4 rats
265 creatures vanquished.

Notes
Turn   | Place    | Note
-------+----------+-------------------------------------------
     0 | D:1      | CougarLife the Gargoyle Earth Elementalist began the quest
                  | for the Orb.
     0 | D:1      | Reached XP level 1. HP: 10/10 MP: 3/3
   148 | D:1      | Reached XP level 2. HP: 15/15 MP: 3/5
   303 | D:1      | Reached skill level 4 in Earth Magic
   372 | D:1      | Found Bexi's Jewellery Boutique.
   401 | D:1      | Reached XP level 3. HP: 19/19 MP: 3/6
   607 | D:1      | Learned a level 3 spell: Stone Arrow
  1602 | D:2      | Found a runed translucent door.
  1603 | D:2      | Noticed Crazy Yiuf
  1688 | D:2      | Killed Crazy Yiuf
  1689 | D:2      | Reached XP level 4. HP: 15/24 MP: 0/8
  1945 | D:3      | Found a sparkling altar of Nemelex Xobeh.
  2570 | D:4      | Reached XP level 5. HP: 25/28 MP: 6/9
  2628 | D:4      | Noticed a black bear
  2657 | D:4      | Killed a black bear
  2658 | D:4      | Reached skill level 5 in Earth Magic
  2658 | D:4      | Reached XP level 6. HP: 32/32 MP: 3/11
  2875 | D:4      | Found a staircase to the Ecumenical Temple.
  2888 | Temple   | Entered the Ecumenical Temple
  2894 | Temple   | Became a worshipper of Vehumet
  3133 | D:4      | Reached XP level 7. HP: 36/36 MP: 3/13
  3133 | D:4      | Noticed a walking frostbound tome
  3138 | D:4      | Reached skill level 6 in Earth Magic
  3139 | D:4      | Found Teusaox's Book Shop.
  3141 | D:4      | Noticed a walking frostbound tome
  3279 | D:4      | Found Ywoi's Distillery.
  3570 | D:5      | Entered Level 5 of the Dungeon
  3611 | D:5      | Reached skill level 5 in Conjurations
  3879 | D:5      | Reached skill level 5 in Spellcasting
  3911 | D:5      | Reached * piety under Vehumet
  3911 | D:5      | Offered knowledge of Foxfire by Vehumet.
  3961 | D:5      | Found Heqifes's Jewellery Shoppe.
  4071 | D:5      | Reached skill level 7 in Earth Magic
  4071 | D:5      | Reached XP level 8. HP: 23/41 MP: 3/15
  4677 | D:6      | Noticed Jeremiah
  4681 | D:6      | Killed Jeremiah
  4722 | D:6      | Reached skill level 8 in Earth Magic
  4873 | D:6      | Found a runed translucent gate.
  4873 | D:6      | Found a runed translucent gate.
  4873 | D:6      | Found a runed translucent gate.
  4875 | D:6      | Noticed Scrimshaw's ghost (novice CoHs)
  4878 | D:6      | Noticed Edmund
  4885 | D:6      | Killed Edmund
  4976 | D:6      | Identified the +5 falchion of Poygg {protect, Will+}
  4979 | D:6      | Reached ** piety under Vehumet
  4984 | D:6      | Offered knowledge of Scorch by Vehumet.
  5365 | D:6      | Reached XP level 9. HP: 45/45 MP: 16/18
  6199 | D:7      | Reached skill level 9 in Earth Magic
  6217 | D:7      | Offered knowledge of Mercury Vapours by Vehumet.
  6282 | D:4      | Bought a book of Vapours for 260 gold pieces
  6470 | D:7      | Found Guin Wik's Jewellery Boutique.
  6598 | D:8      | Noticed cforsyth's ghost (novice MDNe)
  6598 | D:8      | Found a runed translucent door.
  6632 | D:8      | Killed cforsyth's ghost
  6636 | D:8      | Reached skill level 10 in Earth Magic
  6655 | D:8      | Learned a level 5 spell: Lee's Rapid Deconstruction
  6773 | D:8      | Noticed a hellwing
  6903 | D:8      | Found an ornate altar of the Wu Jian Council.
  6925 | D:8      | Reached XP level 10. HP: 50/50 MP: 17/21
  6984 | D:8      | Noticed a centaur warrior
  6986 | D:8      | Noticed a purple ugly thing
  7367 | D:8      | Found a staircase to the Lair.
  7432 | D:8      | Reached *** piety under Vehumet
  7683 | D:8      | Reached skill level 11 in Earth Magic
  8031 | D:8      | Learned a level 5 spell: Freezing Cloud
  8219 | D:9      | Noticed a two-headed ogre
  8223 | D:9      | Killed a two-headed ogre
  8224 | D:9      | Reached skill level 10 in Conjurations
  8288 | D:9      | Offered knowledge of Volatile Blastmotes by Vehumet.
  8534 | D:9      | Reached XP level 11. HP: 40/54 MP: 1/24
  8781 | D:9      | Reached **** piety under Vehumet
  9341 | D:9      | Reached skill level 12 in Earth Magic
  9620 | D:8      | Killed a purple ugly thing
  9621 | D:8      | Killed a centaur warrior
  9725 | D:8      | Identified the +1 leather armour of Qazlal, Brewing
                  | {Rampage Str-2 SInv}
  9772 | D:10     | Entered Level 10 of the Dungeon
  9784 | D:10     | Noticed a two-headed ogre
  9787 | D:10     | Killed a two-headed ogre
  9897 | D:10     | Found a basalt altar of Yredelemnul.
 10039 | D:10     | Offered knowledge of Dazzling Flash by Vehumet.
 10150 | D:10     | Found a burning altar of Makhleb.
 10150 | D:10     | Found a hide-covered altar of Uskayaw.
 10196 | D:10     | Found a faded altar of an unknown god.
 10198 | D:10     | Found a faded altar of an unknown god.
 10199 | D:10     | Found a stormy altar of Qazlal.
 10452 | D:10     | Reached skill level 10 in Spellcasting
 10775 | D:10     | Reached ***** piety under Vehumet
 10775 | D:10     | Offered knowledge of Olgreb's Toxic Radiance by Vehumet.
 10886 | D:11     | Noticed a boulder beetle
 11028 | D:10     | Mangled by a boulder beetle

Illustrated notes

Levels and vault maps discovered:
D:1:      minmay_arrival_open_corners, layout_rooms, serial_shops, shop,
          minmay_pentomino_p4
D:2:      layout_basic, uniq_crazy_yiuf_cottage
D:3:      layout_basic, nemelex_xobeh_ov_fountains_minmay
D:4:      layout_cave_pools, minmay_temple_entry_hall, serial_shops,
          nicolae_shop_mannequins, shop, serial_bayou_pond_a
D:5:      layout_rooms, serial_demonic, serial_demonic_a, serial_demonic_a,
          serial_demonic_c, serial_demonic_d, serial_shops,
          nicolae_shop_tiny_real_fake_doors
D:6:      layout_basic, ebering_ghost_rock_garden, uniq_edmund, uniq_jeremiah
D:7:      layout_rooms, serial_shops, nicolae_shop_advertising_works
          [nicolae_subvault_shop_adworks]
D:8:      cheibrodos_grave_circle, layout_loops_ring,
          nicolae_wu_jian_immortal_techniques, erik_lair_island,
          hellmonk_ghost_big_iron, lightli_corner_chamber
D:9:      layout_long_grid, serial_park_tiny_pond
D:10:     layout_basic, lemuel_coloured_pillars_altar,
          chequers_temple_overflow_minitemple, special_room [special_room_bee],
          st_stairs_3
D:11:     layout_rooms
Temple:   nicolae_temple_x_marks_the_god

Skill      XL: |  1  2  3  4  5  6  7  8  9 10 11 |
---------------+----------------------------------+-----
Earth Magic    | 4 5 7 8 10 11 12 | 12.9
Conjurations   | 2 3 4 5 6 8 10 11 | 11.5
Spellcasting   | 3 4 5 6 7 9 10 | 10.1
Dodging        | |  1.5
Stealth        | |  2.1

Action                     |  1- 3 |  4- 6 |  7- 9 | 10-12 || total
---------------------------+-------+-------+-------+-------++-------
  Melee: Staff             |    25 |       |     3 |     4 ||    32
   Cast: Sandblast         |    46 |    54 |    99 |    79 ||   278
         Stone Arrow       |     1 |     6 |    34 |    44 ||    85
         Lee's Rapid Decon |       |       |     3 |     9 ||    12
         Freezing Cloud    |       |       |       |    36 ||    36
  Evoke: Wand              |       |       |       |     1 ||     1
    Use: Potion            |       |       |     2 |     3 ||     5
         Scroll            |       |       |       |     3 ||     3
 Armour: Robe              |    26 |    25 |    63 |   146 ||   260
  Dodge: Dodged            |    31 |    15 |    61 |   118 ||   225

Table legend: (Time is in decaauts)
 A = Elapsed time spent in this place.
 B = Non-inter-level travel time spent in this place.
 C = Inter-level travel time spent in this place.
 D = Time resting spent in this place.
 E = Time spent auto-exploring this place.
 F = Levels seen in this place.
 G = Mean time per level.
                   A        B        C        D        E       F      G
               +--------+--------+--------+--------+--------+-----+--------+
         Total |  11191 |  10521 |    670 |   2626 |   6033 |  12 |  932.6 |
       Dungeon |  11113 |  10448 |    665 |   2570 |   6033 |  11 | 1010.3 |
        Temple |     77 |     72 |      5 |     56 |      0 |   1 |   77.0 |
               +--------+--------+--------+--------+--------+-----+--------+

Top non-repeatable levels by time:
     D:8: 1623 daAuts
     D:9: 1592 daAuts
     D:6: 1561 daAuts
     D:2: 1299 daAuts
    D:10: 1159 daAuts
     D:5: 947 daAuts
     D:4: 891 daAuts
     D:3: 731 daAuts
     D:1: 652 daAuts
     D:7: 637 daAuts
  Temple: 77 daAuts
    D:11: 15 daAuts
